 Dungeon Crawl Stone Soup version 0.31-a0-188-g5e087ee2ca (webtiles) character file.

Game seed: 6791232578205703618

74 qw the Shooter (level 4, -2/25 HPs)
             Began as a Deep Elf Hunter on June 23, 2023.
             Slain by a sky beast (5 damage)
             ... on level 3 of the Dungeon.
             The game lasted 00:00:34 (1693 turns).

qw the Shooter (Deep Elf Hunter)                    Turns: 1693, Time: 00:00:34

Health: -2/25      AC:  5    Str: 10    XL:     4   Next: 10%
Magic:  6/6        EV: 11    Int: 14    God:
Gold:   163        SH:  0    Dex: 18    Spells: 3/3 levels left

rFire   . . .        Y - +1 shortbow
rCold   . . .        (shield currently unavailable)
rNeg    . . .        j - +0 ring mail
rPois   +            (no helmet)
rElec   .            (no cloak)
rCorr   .            (no gloves)
SInv    .            (no boots)
Will    .....        (no amulet)
Stlth   +            g - ring of poison resistance
HPRegen 0.24/turn    (no ring)
MPRegen 0.10/turn

%: no passive effects
@: no status effects
A: no striking features
a: no special abilities


You were on level 3 of the Dungeon.
You visited 1 branch of the dungeon, and saw 3 of its levels.

You collected 163 gold pieces.


   Skills:
 - Level 1.5 Fighting
 + Level 7.5 Ranged Weapons
 - Level 2.4 Dodging
 - Level 1.2 Stealth


You had 3 spell levels left.
You didn't know any spells.
Your spell library was empty.

Inventory:

Hand Weapons
 Y - a +1 shortbow (weapon)
Armour
 j - a +0 ring mail (worn)
Jewellery
 a - a ring of ice
 g - a ring of poison resistance (left hand)
Scrolls
 b - 2 scrolls of identify
Potions
 d - a potion of brilliance {unknown}
 e - a potion of invisibility {unknown}
 f - a potion of degeneration {unknown}

Dungeon Overview and Level Annotations

Branches:
Dungeon (3/15)

Altars:
Qazlal


Message History

Enter note:
Enter note:
Enter note:
Enter note: You shoot an arrow.
The arrow misses the sky beast.
You shoot an arrow.
The arrow hits the sky beast but does no damage.
You shoot an arrow. The arrow hits the sky beast.
The sky beast is lightly wounded.
The sky beast barely misses you.
You shoot an arrow.
The arrow hits the sky beast but does no damage.
The sky beast is lightly wounded.
The sky beast closely misses you.
You shoot an arrow. The arrow hits the sky beast.
The sky beast is lightly wounded.
The sky beast hits you but does no damage.
The quokka bites you. The quokka closely misses you. The sky beast hits you.
The sky beast shocks you.
You shoot an arrow. The arrow hits the sky beast.
The sky beast is moderately wounded.
The quokka barely misses you.
The sky beast flickers out of sight!
Deactivating autopickup; reactivate with Ctrl-A.
Something hits you but does no damage.
You shoot an arrow. The arrow hits the quokka.
The quokka is moderately wounded.
The quokka bites you but does no damage.
Something hits you. Something shocks you.
You shoot an arrow. The arrow misses the quokka.
The quokka bites you but does no damage.
Something hits you but does no damage. The quokka barely misses you.
You shoot an arrow. The arrow hits the quokka!
You kill the quokka!
Something hits you but does no damage.
You shoot an arrow. Something hits you but does no damage.
You shoot an arrow. Something hits you. Something shocks you.
Something hits you. Something shocks you.
You die...

#.......)...# #. ##..
#......%....# .......
#.###..[....# .#.#..=
#.# #.......# #...#..
#.# #.<.<...# . ...#.
#.# ####.#.#### .._ ...
##.######.#....)
.....#%##.........#..###
#...#.{@...########..# #
.#.#...###.# #..#
....... #.# #..# #######
#.# #..# #.# #..# #.#
#..# #.# #.# ## #.# ..


There were no monsters in sight!

Vanquished Creatures
  Natasha (D:2)
  2 worms (D:2)
  A dart slug (D:2)
  2 endoplasms (D:1)
  2 giant cockroaches
  4 goblins
  2 hobgoblins
  5 jackals
  6 kobolds
  2 quokkas (D:3)
  6 bats
  A frilled lizard (D:1)
  5 rats
39 creatures vanquished.

Notes
Turn   | Place    | Note
-------+----------+-------------------------------------------
     0 | D:1      | qw the Deep Elf Hunter began the quest for the Orb.
     0 | D:1      | Reached XP level 1. HP: 12/12 MP: 3/3
     0 | D:1      | 0 ||| qw: Version: 0.3-a-9-g12657ce
     0 | D:1      | 0 ||| qw: Game counter: 3337
     0 | D:1      | 0 ||| qw: Always use a shield: true
     0 | D:1      | 0 ||| qw: God list: Okawaru
     0 | D:1      | 0 ||| qw: Allow faded altars: false
     0 | D:1      | 0 ||| qw: Do Orc after D:15 true
     0 | D:1      | 0 ||| qw: Do second Lair branch before Depths: true
     0 | D:1      | 0 ||| qw: Lair rune preference: random
     0 | D:1      | 0 ||| qw: Plans: Normal
     0 | D:1      | 0 ||| PLANNING D:1-11
   218 | D:1      | Reached XP level 2. HP: 16/16 MP: 4/4
   226 | D:1      | Reached skill level 6 in Ranged Weapons
   653 | D:1      | 653 ||| UPGRADING to +0 ring mail.
   663 | D:1      | 663 ||| DROPPING +0 leather armour.
   664 | D:1      | 664 ||| DROPPING +6 ring of intelligence.
   665 | D:1      | 665 ||| READING scroll labelled JEMPAT PIHO.
   666 | D:1      | 666 ||| READING scroll labelled NAANEXT QAAN.
   667 | D:1      | 667 ||| DRINKING 2 fuming purple potions.
   668 | D:1      | 668 ||| DROPPING scroll of butterflies.
   859 | D:2      | Reached XP level 3. HP: 20/20 MP: 5/5
  1171 | D:2      | Noticed Natasha
  1180 | D:2      | HP: 5/20 [cerulean imp/+2 spear[Natasha] (4)]
  1180 | D:2      | HP: 1/20 [cerulean imp/+2 spear[Natasha] (4)]
  1181 | D:2      | 1181 ||| DRINKING potion of heal wounds.
  1183 | D:2      | Killed Natasha
  1184 | D:2      | Reached skill level 7 in Ranged Weapons
  1420 | D:2      | 1420 ||| UPGRADING to ring of poison resistance.
  1421 | D:2      | 1421 ||| READING scroll labelled QUPPUE LECRUIG.
  1422 | D:2      | 1422 ||| READING scroll labelled COEMIT BIOXUREOS.
  1523 | D:3      | 1523 ||| FLEEEEING.
  1524 | D:3      | 1524 ||| FLEEEEING.
  1525 | D:3      | 1525 ||| FLEEEEING.
  1528 | D:3      | Reached XP level 4. HP: 24/25 MP: 6/6
  1682 | D:3      | Found a stormy altar of Qazlal.
  1682 | D:3      | Noticed a sky beast
  1693 | D:3      | HP: 5/25 [something (6)]
  1693 | D:3      | Slain by a sky beast

Levels and vault maps discovered:
D:1:      elethiomel_arrival_fortress_basement, layout_rooms
D:2:      layout_basic, uniq_natasha
D:3:      layout_loops_ring, mainiacjoe_overflow_alcove_4,
          nicolae_qazlal_beasts_of_the_sky

Skill      XL: |  1  2  3 |
---------------+----------+-----
Ranged Weapons | 6 7 |  7.5
Fighting       | |  1.5
Dodging        | |  2.4
Stealth        | |  1.2

Action                     |  1- 3 |  4- 6 || total
---------------------------+-------+-------++-------
   Fire: Shortbow          |   106 |    21 ||   127
    Use: Scroll            |     4 |       ||     4
         Potion            |     2 |       ||     2
 Armour: Leather armour    |     5 |       ||     5
         Ring mail         |     4 |     9 ||    13
  Dodge: Dodged            |    23 |     8 ||    31

Table legend:
 A = Non-vault XP
 B = Vault XP
 C = Vault XP percentage of total XP
 D = Non-vault monster count
 E = Vault monster count
 F = Vault count percentage of total count
                 A         B        C        D         E       F
            +---------+---------+-------+---------+---------+-------
      Total |      71 |      36 |  33.6 |      37 |       2 |   5.1
            +---------+---------+-------+---------+---------+-------
        D:1 |      25 |       1 |   3.8 |      14 |       1 |   6.7
        D:2 |      24 |      35 |  59.3 |      10 |       1 |   9.1
        D:3 |      22 |       0 |   0.0 |      13 |       0 |   0.0
            +---------+---------+-------+---------+---------+-------
